 Dungeon Crawl Stone Soup version 0.30-a0-34-gbe8da3892a (webtiles) character file.

Game seed: 15476418663078341867

33 frimble the Gusty (level 3, 0/26 HPs)
             Began as a Demonspawn Air Elementalist on Aug 27, 2022.
             Succumbed to an adder's poison
             ... on level 2 of the Dungeon.
             The game lasted 00:01:04 (1317 turns).

frimble the Gusty (Demonspawn Air Elementalist)     Turns: 1317, Time: 00:01:04

Health: 0/26       AC:  2    Str: 10    XL:     3   Next: 12%
Magic:  5/6        EV: 12    Int: 16    God:
Gold:   83         SH:  0    Dex: 13    Spells: 3/6 levels left

rFire   . . .      SeeInvis .    f - +2 trident (flame)
rCold   . . .      Faith    .    (no shield)
rNeg    . . .      Spirit   .    a - +0 robe
rPois   .          Reflect  .    (no helmet)
rElec   .          Harm     .    (no cloak)
rCorr   .          Rampage  .    (no gloves)
Will    .....                    (no boots)
Stlth   ++........               (no amulet)
HPRegen 0.08/turn                (no ring)
MPRegen 0.20/turn                (no ring)

@: lethally poisoned (0 -> -5)
A: magic regeneration, weakness stinger 1
a: no special abilities


You were on level 2 of the Dungeon.
You visited 1 branch of the dungeon, and saw 2 of its levels.

You collected 83 gold pieces.

Inventory:

Hand Weapons
 e - a +0 dagger
 f - a +2 trident of flaming (weapon)
Armour
 a - a +0 robe (worn)
Scrolls
 d - a scroll of blinking {unknown}
 h - a scroll of magic mapping {unknown}
 k - a scroll of amnesia {unknown}
 l - a scroll of noise {unknown}
 m - 2 scrolls of identify {unknown}
 n - a scroll of brand weapon {unknown}
 o - a scroll of immolation {unknown}
Potions
 b - a potion of magic
 c - a potion of curing
 g - a potion of invisibility {unknown}
 i - 2 potions of flight {unknown}
 j - a potion of might {unknown}


   Skills:
 + Level 1.3 Fighting
 - Level 1.9 Dodging
 - Level 2.0 Stealth
 - Level 2.1 Spellcasting
 - Level 1.2 Conjurations
 + Level 1.0 Translocations
 - Level 2.8 Air Magic


You had 3 spell levels left.
You knew the following spells:

 Your Spells              Type           Power      Damage    Failure   Level
a - Shock                 Conj/Air       32%        1d5       9%          1
b - Blink                 Tloc           10%        N/A       21%         2

Your spell library contained the following spells:

 Spells                   Type           Power      Damage    Failure   Level
 Static Discharge         Conj/Air       16%        3-4/arc   14%         2
 Poisonous Vapours        Pois/Air       12%        N/A       17%         2
 Swiftness                Air            10%        N/A       19%         3
 Slow                     Hex            4%         N/A       21%         1
 Sublimation of Blood     Necr           1%         N/A       30%         2
 Lesser Beckoning         Tloc           5%         N/A       36%         3
 Confusing Touch          Hex            1%         N/A       52%         3
 Vampiric Draining        Necr           1%         2d6       52%         3
 Airstrike                Air            5%         2d(1-17)  54%         4
 Corpse Rot               Necr/Pois/Air  4%         N/A       80%         4
 Petrify                  Tmut/Erth      1%         N/A       90%         4
 Manifold Assault         Tloc           5%         N/A       98%         5
 Irradiate                Conj/Tmut      1%         3d12      99%         5


Dungeon Overview and Level Annotations

Branches:
Dungeon (2/15)

Altars:
Xom


Innate Abilities, Weirdness & Mutations

You regenerate magic rapidly.
You have a small tail.


Message History

You feel very sick. The adder bites you. x2
You are lethally poisoned!
The adder poisons you!
You are too injured to fight recklessly!
You are too injured to fight recklessly!
You are too injured to fight recklessly!
You are too injured to fight recklessly!
You are too injured to fight recklessly!
You are too injured to fight recklessly!
You hit the adder. You burn the adder.
The adder is heavily wounded.
You feel very sick. The adder misses you.
Aiming: Shock (safe; 9% risk of failure)
Press: ? - help, Q - select action, (/) - cycle Shift-Dir - straight line, f/p - adder
Aim: an adder (heavily wounded, 48% to hit)
The zap misses the adder.
You feel sick. The adder closely misses you. The adder bites you.
* * * LOW HITPOINT WARNING * * *
You are more poisoned.
The adder poisons you!
It was a potion of curing.
You feel better. The adder bites you.
Aiming: Shock (safe; 9% risk of failure)
Press: ? - help, Q - select action, (/) - cycle Shift-Dir - straight line, f/p - adder
Aim: an adder (heavily wounded, 48% to hit)
The zap hits the adder.
The adder is heavily wounded.
The adder closely misses you.
You hit the adder. You burn the adder.
The adder is almost dead.
The adder bites you.
* * * LOW HITPOINT WARNING * * *
The adder bites you.
* * * LOW HITPOINT WARNING * * *
You are lethally poisoned!
The adder poisons you!
You barely miss the adder.
Your tail-slap misses the adder.
The adder is almost dead.
You die...

........###
..........##########....
........................
........#......# .......
........+..###.# .......
........##.# #.# .......
........##.# #.# .....$.
...........###.##..<....
........##......@S......
........##.......[......
........##.......)......
.###....##..........##..
.. . ...#....##### # .#
.##......######.# .# .
###.....#......# .#
#.......#......# .##
#.......#......#


You could see an adder.

Vanquished Creatures
  A worm (D:2)
  3 dart slugs
  2 bats
  2 goblins
  3 hobgoblins (D:1)
  A kobold (D:2)
  3 quokkas
  3 ball pythons (D:1)
  2 frilled lizards
  4 rats (D:1)
24 creatures vanquished.

Notes
Turn   | Place    | Note
-------+----------+-------------------------------------------
     0 | D:1      | frimble the Demonspawn Air Elementalist began the quest for
                  | the Orb.
     0 | D:1      | Reached XP level 1. HP: 13/13 MP: 3/3
   435 | D:1      | Discovered your monstrous ancestry.
   435 | D:1      | Gained mutation: You have a small tail. [demonic ancestry]
   435 | D:1      | Reached XP level 2. HP: 19/19 MP: 5/5
   495 | D:1      | Found a faded altar of an unknown god.
   627 | D:1      | Learned a level 2 spell: Blink
  1016 | D:2      | Found a shimmering altar of Xom.
  1115 | D:2      | Reached skill level 1 in Fighting
  1158 | D:2      | Reached skill level 1 in Translocations
  1158 | D:2      | Gained mutation: You regenerate magic rapidly. [demonic
                  | ancestry]
  1158 | D:2      | Reached XP level 3. HP: 19/26 MP: 6/6
  1317 | D:2      | Succumbed to an adder's poison

Illustrated notes

Levels and vault maps discovered:
D:1:      sevenhm_arrival_forest_fort_large_4, layout_loops_corners,
          hellmonk_ecumenical_altar_leap_of_faith
D:2:      layout_basic, basic_altar, uniq_crazy_yiuf_cottage

Skill      XL: |  1  2 |
---------------+-------+-----
Stealth        | 2 |  2.0
Fighting       | 1 |  1.3
Translocations | 1 |  1.0
Dodging        | |  1.9
Spellcasting   | |  2.1
Conjurations   | |  1.2
Air Magic      | |  2.8

Action                   || total
-------------------------++-------
Melee: Trident           ||    41
       Dagger            ||     3
       Tailslap          ||     5
 Cast: Shock             ||     7
  Use: Potion            ||     1
 Stab: Sleeping          ||     7
Dodge: Dodged            ||    16

Table legend: (Time is in decaauts)
 A = Elapsed time spent in this place.
 B = Non-inter-level travel time spent in this place.
 C = Inter-level travel time spent in this place.
 D = Time resting spent in this place.
 E = Time spent auto-exploring this place.
 F = Levels seen in this place.
 G = Mean time per level.
                   A        B        C        D        E       F      G
               +--------+--------+--------+--------+--------+-----+--------+
         Total |   1327 |   1276 |     51 |      0 |   1096 |   2 |  663.5 |
       Dungeon |   1327 |   1276 |     51 |      0 |   1096 |   2 |  663.5 |
               +--------+--------+--------+--------+--------+-----+--------+

Top non-repeatable levels by time:
     D:1: 1001 daAuts
     D:2: 326 daAuts
